Map: Heavy Artillery LE

Players

AMATERASU - Winner!

  • Race: Zerg Zerg
  • League: Gold
  • Spawn Location: 1:00

takeoff - Winner!

  • Race: Terran Terran
  • Spawn Location: 3:00

Nigrnog

  • Race: Zerg Zerg
  • League: Silver
  • Spawn Location: 7:00

MooEsqoo

  • Race: Zerg Zerg
  • Spawn Location: 7:00

VOD

Have the link to the VOD?

Description

Time

  • Played on: Dec. 24, 2019, 5:08 a.m.
  • Length: 23:13
Show
View Real Time Build Order
Export as new Build Order

AMATERASU Zerg - Winner!

Build Orders: Pool First 

Get SALT Encoding   

  12  0:01  Drone  
  13  0:08  Drone  
  14  0:16  Overlord  
  14  0:26  Overlord  
  14  0:35  Drone x2  
  16  0:44  Drone  
  17  0:52  Spawning Pool  
  17  0:56  Drone  
  17  1:08  Drone  
  18  1:23  Hatchery  
  17  1:29  Drone  
  18  1:35  Extractor  
  18  1:38  Queen  
  19  1:41  Drone  
  19  1:42  Drone  
  21  1:52  Spine Crawler  
  20  2:01  Overlord, Drone  
  22  2:12  Spine Crawler  
  21  2:21  Overlord, Drone  
  22  2:43  Queen, Drone  
  25  3:02  Roach Warren  
  25  3:03  Hatchery  
  23  3:12  Drone x2  
  25  3:13  Drone  
  25  3:17  Drone x2  
  25  3:18  Metabolic Boost  
  28  3:28  Spore Crawler  
  27  3:39  Drone x6  
  33  3:41  Drone  
  34  3:54  Drone  
  34  3:55  Drone x4  
  39  4:04  Zergling x6  
  39  4:05  Zergling x2  
  39  4:07  Zergling x2  
  44  4:16  Drone x2  
  46  4:18  Overlord, Extractor  
  46  4:22  Extractor  
  44  4:26  Extractor  
  43  4:33  Queen  
  43  4:34  Drone x2  
  43  4:35  Drone x2  
  43  4:36  Drone  
  43  4:37  Drone x3  
  53  4:46  Lair  
  53  4:47  Baneling Nest  
  53  4:49  Drone  
  53  4:50  Drone  
  54  4:58  Drone x3  
  57  5:13  Spine Crawler  
  56  5:14  Spine Crawler  
  56  5:16  Roach  
  56  5:17  Roach x3  
  56  5:18  Roach  
  56  5:21  Zergling x2  
  66  5:42  Overlord x6  
  66  5:53  Overlord x3  
  51  6:32  Drone  
  51  6:33  Drone x5  
  51  6:34  Drone x4  
  51  6:35  Drone x5  
  65  6:46  Spire  
  64  6:48  Spine Crawler  
  64  6:50  Spine Crawler  
  64  6:51  Spine Crawler  
  64  6:54  Spine Crawler  
  60  6:59  Drone  
  60  7:00  Drone  
  62  7:11  Burrow  
  62  7:13  Extractor  
  62  7:14  Drone x3  
  62  7:15  Extractor  
  63  7:26  Hatchery  
  62  7:31  Hatchery  
  61  7:46  Drone x4  
  61  7:48  Overlord x3  
  65  8:00  Hydralisk Den  
  64  8:09  Overlord x2  
  64  8:10  Overlord x7  
  64  8:14  Mutalisk x2  
  64  8:15  Mutalisk x6  
  64  8:18  Mutalisk x6  
  92  8:38  Grooved Spines  
  92  8:39  Queen  
  94  8:44  Mutalisk x5  
  94  8:45  Mutalisk  
  94  8:46  Mutalisk x2  
  110  8:50  Zerg Flyer Weapons Level 1  
  110  8:58  Evolution Chamber  
  110  8:59  Evolution Chamber  
  108  9:09  Drone  
  110  9:10  Drone x3  
  112  9:22  Spore Crawler  
  111  9:24  Spore Crawler  
  111  9:26  Spore Crawler  
  111  9:27  Spore Crawler  
  111  9:28  Spore Crawler  
  111  9:29  Spore Crawler  
  107  9:31  Drone x3  
  107  9:32  Drone x2, Spore Crawler x2  
  107  9:34  Spore Crawler  
  107  9:38  Spore Crawler  
  107  9:41  Spore Crawler  
  107  9:43  Spore Crawler  
  107  9:45  Hatchery  
  104  9:47  Spore Crawler  
  104  9:52  Spore Crawler  
  102  9:54  Spore Crawler  
  101  10:01  Spore Crawler  
  100  10:22  Zerg Missile Weapons Level 1, Zerg Ground Armor Level 1  
  96  11:33  Mutalisk x7  
  94  12:23  Hydralisk x6  
  94  12:24  Hydralisk x9  
  94  12:26  Hydralisk x5  
  94  12:27  Hydralisk x5  
  94  12:28  Hydralisk  
  106  13:20  Queen  
  106  13:21  Queen  
  106  13:24  Queen  
  112  13:28  Queen, Drone  
  112  13:29  Drone x2  
  117  13:35  Drone x3  
  117  13:40  Drone x2  
  117  13:41  Drone x3  
  111  14:16  Hatchery  
  100  14:26  Drone  
  100  14:27  Drone x2  
  81  15:10  Drone x4  
  81  15:11  Drone  
  81  15:13  Extractor  
  81  15:14  Extractor  
  82  15:17  Zerg Missile Weapons Level 2  
  82  15:19  Zerg Ground Armor Level 2  
  82  15:28  Hydralisk x4  
  82  15:29  Hydralisk x7  
  104  15:46  Drone x4  
  104  15:49  Queen  
  110  16:05  Hydralisk x9  
  110  16:08  Hydralisk x9  
  146  16:32  Mutalisk x2  
  146  16:33  Mutalisk x2  
  146  16:35  Hydralisk x14  
  146  16:36  Hydralisk  
  184  16:59  Drone x4  
  188  17:08  Drone x4  
  190  17:09  Drone x3  
  195  17:40  Infestation Pit  
  82  19:50  Extractor  
  82  19:52  Extractor  
  78  19:59  Hydralisk x6  
  80  20:00  Hydralisk x11  
  80  20:01  Hydralisk x13  
  80  20:02  Hydralisk x15  
  80  20:03  Hydralisk x3  
  174  20:08  Hydralisk x12  
  174  20:09  Hydralisk  
  200  20:34  Hive  
  200  21:57  Muscular Augments  
Show
View Real Time Build Order
Export as new Build Order

takeoff Terran - Winner!

Build Orders:  

Get SALT Encoding   

  12  0:00  SCV  
  13  0:13  SCV  
  14  0:22  Supply Depot  
  14  0:25  SCV  
  15  0:39  Supply Depot  
  15  0:46  Barracks  
  15  0:48  SCV  
  16  1:00  Refinery, SCV  
  17  1:12  SCV  
  18  1:18  Barracks  
  18  1:27  Barracks  
  18  1:28  SCV  
  19  1:34  Marine  
  20  1:43  SCV  
  21  1:53  Marine  
  22  2:06  Marine  
  23  2:11  Marine  
  23  2:14  Marine  
  25  2:19  Orbital Command  
  25  2:23  Refinery  
  25  2:28  Marine  
  27  2:31  Barracks Tech Lab  
  27  2:33  Marine  
  27  2:39  Factory  
  27  2:45  Marine  
  27  2:51  Marine  
  29  3:04  Marine  
  30  3:08  Marine  
  30  3:09  Supply Depot  
  30  3:11  Combat Shield  
  31  3:15  Supply Depot  
  31  3:23  Factory Tech Lab  
  31  3:30  Marine x2  
  31  3:31  Marauder  
  35  3:35  Supply Depot  
  35  3:47  Siege Tank  
  38  4:03  Marine  
  38  4:04  Marine  
  38  4:05  Marauder  
  42  4:19  Siege Tank  
  42  4:22  Barracks  
  45  4:34  Marauder  
  45  4:35  Marine x2  
  49  4:41  SCV  
  50  4:49  Supply Depot  
  50  4:57  Marauder  
  52  5:04  Marine x2  
  54  5:19  Marauder  
  56  5:22  Marine  
  57  5:30  Siege Tank  
  60  5:41  Marauder  
  29  6:32  Barracks Reactor x2  
  26  6:33  Barracks Reactor  
  26  6:42  Widow Mine  
  26  6:46  Starport  
  28  6:54  Stimpack  
  28  6:58  Engineering Bay  
  28  7:03  Widow Mine  
  30  7:13  Marine x4  
  30  7:14  Marine x2  
  36  7:16  Marauder  
  38  7:23  Medivac  
  38  7:25  Widow Mine  
  42  7:33  Missile Turret  
  42  7:34  Terran Infantry Weapons Level 1  
  42  7:37  Marauder  
  44  7:46  Widow Mine  
  48  7:58  Marauder  
  48  8:04  Medivac  
  50  8:13  Siege Tank  
  53  8:34  Medivac  
  55  8:35  Command Center  
  55  8:55  Marine x2  
  55  8:56  Marine x3  
  60  9:13  Marine  
  61  10:27  Terran Infantry Armor Level 1  
  61  10:29  Starport Reactor  
  61  10:41  Marine x4  
  65  11:00  Barracks Reactor  
  65  11:08  Missile Turret  
  65  11:28  Missile Turret  
  65  11:47  Missile Turret  
  65  11:50  Refinery  
  65  12:00  Marine x4  
  65  12:01  Marine x2  
  70  12:06  Missile Turret  
  59  12:18  Marine x5  
  59  12:19  Marine  
  54  12:28  Missile Turret  
  51  12:36  Marine x5  
  55  12:37  Marine  
  49  12:50  Missile Turret  
  48  12:53  Marine  
  48  12:54  Marine x2  
  40  13:11  Missile Turret  
  37  13:29  SCV  
  37  13:31  Missile Turret  
  37  13:32  Orbital Command  
  38  13:41  SCV  
  39  13:52  Missile Turret  
  39  13:53  SCV  
  40  14:05  SCV  
  41  14:17  SCV  
  42  14:30  SCV  
  43  14:32  SCV  
  44  14:41  Barracks  
  44  14:42  SCV  
  44  14:44  SCV  
  46  14:49  Barracks  
  46  14:53  Armory  
  46  14:54  SCV  
  46  14:57  SCV  
  48  15:00  Marine  
  48  15:01  Marine x7  
  48  15:07  SCV  
  57  15:09  SCV  
  58  15:18  Marine x2  
  58  15:19  Marine x6, SCV  
  58  15:21  SCV  
  68  15:29  Barracks Reactor  
  68  15:36  Barracks Reactor, Marine x3  
  68  15:37  Marine  
  72  16:02  Starport x2  
  72  16:06  Sensor Tower  
  69  16:46  Sensor Tower  
  69  16:53  Sensor Tower  
  69  17:01  Starport Reactor  
  69  17:14  Starport Reactor  
  69  17:24  Marine x3  
  69  17:25  Marine x3  
  75  17:31  Sensor Tower  
  75  17:32  Command Center  
  75  17:38  Supply Depot  
  75  17:48  Medivac  
  77  17:54  Terran Infantry Weapons Level 2  
  77  18:00  Medivac x2  
  77  18:02  Supply Depot  
  81  18:24  Supply Depot  
  42  18:47  Supply Depot  
  41  19:10  Supply Depot, Marine x2  
  41  19:11  Marine x6  
  41  19:12  Marine x4  
  53  19:28  Marine x3  
  53  19:29  Marine x6  
  53  19:30  Marine x2  
  64  19:43  Medivac x2  
  64  19:44  Medivac x2  
  72  19:47  SCV  
  73  20:28  Terran Infantry Armor Level 2  
  73  20:46  Refinery  
  73  20:53  Marine x5  
  73  20:54  Marine x7  
  85  21:11  Marine x2  
  87  21:24  Planetary Fortress  
  87  21:29  Marine x6  
  87  21:30  Marine  
  94  22:52  Marine x3  
  94  22:53  Marine x8  
  94  22:54  Marine  
Show
View Real Time Build Order
Export as new Build Order

Nigrnog Zerg 

Build Orders: Hatch First, Muta Ling Bane 

Get SALT Encoding   

  12  0:02  Drone  
  13  0:13  Overlord  
  13  0:17  Drone  
  14  0:44  Hatchery, Drone  
  14  0:48  Drone  
  15  0:53  Drone  
  15  0:56  Drone  
  17  1:03  Extractor  
  16  1:07  Drone  
  17  1:19  Spawning Pool  
  17  1:21  Drone  
  17  1:28  Drone  
  18  1:38  Drone  
  19  1:50  Drone  
  20  2:04  Drone  
  21  2:10  Queen  
  21  2:12  Queen  
  25  2:18  Baneling Nest  
  24  2:24  Evolution Chamber  
  24  2:27  Zergling x6  
  26  2:35  Drone x2  
  26  2:36  Overlord  
  28  3:06  Overlord x3  
  28  3:09  Lair  
  28  3:15  Metabolic Boost  
  28  3:29  Queen  
  28  3:30  Drone x2  
  28  3:31  Drone  
  33  3:52  Extractor  
  33  3:54  Extractor  
  31  3:56  Extractor, Drone x3  
  31  3:59  Hatchery  
  32  4:04  Baneling x2  
  32  4:05  Baneling x3  
  32  4:10  Baneling  
  32  4:21  Drone x2  
  32  4:22  Drone x7  
  41  4:37  Drone x2  
  41  4:38  Drone  
  44  4:41  Centrifical Hooks  
  44  4:55  Overlord x3  
  44  5:13  Spire  
  43  5:19  Drone  
  44  5:23  Zergling x16  
  44  5:26  Zergling x4  
  54  5:34  Drone  
  55  5:51  Baneling x6  
  55  5:52  Baneling x8  
  55  5:53  Baneling  
  55  6:01  Queen  
  55  6:02  Drone x3  
  60  6:07  Queen  
  50  6:30  Zergling x16  
  50  6:31  Zergling x6  
  60  6:41  Hatchery, Zerg Flyer Weapons Level 1  
  60  6:46  Mutalisk x2  
  63  7:10  Drone x3  
  63  7:13  Drone x3  
  69  7:28  Zerg Ground Armor Level 1  
  69  7:31  Mutalisk x3  
  69  7:33  Zergling x2  
  69  7:34  Zergling x12  
  82  7:50  Extractor  
  81  7:51  Extractor  
  81  7:57  Overlord  
  81  7:58  Overlord x4  
  80  8:11  Infestation Pit, Spore Crawler  
  78  8:13  Spore Crawler  
  78  8:16  Drone x6  
  78  8:17  Overlord  
  78  8:18  Drone x2  
  78  8:19  Drone  
  86  8:21  Overseer  
  86  8:35  Zerg Flyer Armor Level 1  
  86  8:38  Drone x6  
  86  8:39  Drone x4  
  96  8:47  Drone x5  
  101  8:53  Mutalisk x2  
  105  9:03  Mutalisk x3  
  105  9:06  Mutalisk  
  105  9:08  Overlord  
  113  9:21  Hive  
  113  9:32  Baneling x3  
  113  9:33  Baneling x8  
  113  9:34  Baneling x7  
  113  9:35  Baneling x2  
  105  9:51  Zergling x16  
  105  9:52  Zergling x14  
  120  9:53  Zergling x2  
  121  10:03  Baneling x7  
  121  10:04  Baneling x6  
  121  10:20  Queen, Drone x2  
  121  10:21  Drone  
  126  10:24  Overseer x4  
  104  10:42  Corruptor  
  104  10:43  Corruptor  
  104  10:45  Zergling x8  
  104  10:46  Zergling x12  
  118  10:54  Spore Crawler  
  118  10:55  Spore Crawler  
  116  10:58  Spore Crawler  
  116  11:00  Spore Crawler  
  116  11:03  Spore Crawler  
  113  11:07  Spore Crawler  
  113  11:09  Spore Crawler x2  
  110  11:11  Spore Crawler  
  110  11:12  Spore Crawler  
  110  11:15  Burrow, Spore Crawler  
  102  11:26  Corruptor x2  
  103  11:41  Drone x2  
  103  11:42  Drone  
  103  11:46  Corruptor x2  
  106  12:06  Zergling x8  
  106  12:07  Zergling x10  
  77  12:41  Corruptor x4  
  77  12:42  Corruptor x2  
  76  12:56  Zergling x12  
  76  12:57  Zergling x8  
  83  13:04  Corruptor x2  
  83  13:22  Drone  
  83  13:23  Drone x3  
  87  13:30  Corruptor x2, Zergling x4  
  87  13:31  Zergling x4  
  95  13:36  Baneling x6  
  95  13:37  Baneling  
  97  13:48  Drone x4  
  97  13:49  Drone  
  97  13:53  Overlord  
  79  14:24  Corruptor x5  
  85  14:31  Queen  
  85  14:37  Zergling x6  
  79  14:58  Corruptor  
  80  15:00  Zergling x4  
  82  15:15  Baneling x4  
  82  15:16  Baneling  
  82  15:17  Zergling x4  
  84  15:34  Zergling x8  
  88  15:40  Zergling x2  
  89  15:47  Baneling  
  89  15:48  Baneling x2  
  89  16:18  Baneling  
  89  16:19  Baneling x2  
  89  16:25  Hatchery  
  88  16:35  Zergling x2  
  89  16:52  Baneling x4  
  89  16:53  Baneling  
  89  16:55  Baneling  
  89  17:18  Extractor  
  89  17:19  Extractor  
  87  17:47  Queen  
  87  17:49  Drone x2  
  91  17:54  Zergling x4  
  91  17:55  Zergling x8  
  97  18:07  Drone x4  
  97  18:08  Drone x2  
  103  18:31  Baneling  
  103  18:32  Baneling x3  
  78  18:51  Zergling x14  
  78  18:52  Zergling x14  
  78  18:53  Zergling x16  
  100  19:13  Baneling x3  
  100  19:14  Baneling x7  
  100  19:15  Baneling x5  
  100  19:17  Baneling x5  
  100  19:18  Baneling x7  
  100  19:20  Zergling x2  
  100  19:21  Zergling x2  
  102  19:30  Zerg Melee Weapons Level 1  
  77  19:58  Zergling x8  
  77  19:59  Zergling x14  
  89  20:00  Zergling x14  
  89  20:01  Zergling x2  
  96  20:29  Corruptor  
  96  20:30  Corruptor  
  100  20:38  Zergling x6  
  103  20:45  Zergling x10  
  108  20:57  Zergling x6  
  111  21:29  Baneling x8  
  111  21:30  Hatchery, Baneling  
  111  21:31  Baneling  
  110  21:33  Baneling  
  110  21:34  Baneling  
  91  21:41  Hatchery  
  91  21:43  Baneling x4  
  91  21:44  Baneling x4  
  91  21:47  Baneling x2  
  90  21:48  Baneling  
  90  21:50  Baneling  
  90  21:51  Baneling  
  29  22:16  Zergling x2  
  29  22:17  Zergling x10  
Show
View Real Time Build Order
Export as new Build Order

MooEsqoo Zerg 

Build Orders: Hatch First, Swarm Host 

Get SALT Encoding   

  12  0:03  Drone  
  13  0:14  Overlord  
  13  0:23  Drone  
  14  0:32  Drone  
  14  0:33  Drone  
  16  0:39  Drone  
  17  0:50  Drone  
  18  0:58  Drone  
  19  1:09  Hatchery  
  18  1:13  Drone  
  18  1:15  Extractor  
  18  1:18  Spawning Pool  
  17  1:20  Drone  
  18  1:30  Drone  
  19  1:42  Drone  
  20  2:08  Drone  
  21  2:09  Zergling x2  
  22  2:20  Queen  
  24  2:23  Zergling x4  
  26  2:42  Queen  
  28  2:44  Overlord  
  28  2:45  Overlord x2  
  28  2:46  Overlord  
  28  2:54  Metabolic Boost  
  28  3:09  Zergling x2, Drone  
  28  3:10  Zergling x2, Drone x2  
  33  3:29  Hatchery  
  32  3:35  Spore Crawler  
  32  3:39  Zergling x4, Drone x2  
  32  3:40  Zergling x2, Drone  
  37  3:46  Spore Crawler  
  36  3:50  Zergling x2, Drone  
  38  4:04  Zergling x4, Drone x2  
  38  4:05  Drone  
  43  4:17  Baneling Nest  
  43  4:23  Roach Warren  
  41  4:30  Drone  
  41  4:31  Zergling x2, Evolution Chamber, Drone  
  44  4:32  Zergling x2  
  44  4:36  Evolution Chamber  
  43  4:44  Queen  
  45  4:50  Zergling x2, Drone x2  
  45  4:51  Zergling x2  
  47  5:14  Drone  
  47  5:15  Zergling x2  
  47  5:16  Roach x2, Drone x2  
  47  5:17  Roach x2, Drone  
  60  5:21  Baneling x4  
  60  5:22  Baneling x2  
  60  5:23  Baneling  
  60  5:29  Lair  
  60  5:33  Zerg Missile Weapons Level 1  
  60  5:49  Extractor  
  59  5:51  Extractor  
  59  5:54  Zergling x4, Drone x2  
  59  5:55  Zergling x2, Drone x2  
  65  5:57  Overlord  
  65  5:58  Overlord  
  65  6:00  Extractor  
  54  6:23  Roach, Drone  
  54  6:24  Roach x4, Drone x4  
  65  6:35  Queen  
  67  7:07  Spore Crawler  
  66  7:08  Drone  
  66  7:09  Roach x3, Drone x2  
  66  7:11  Roach, Drone  
  66  7:12  Roach  
  80  7:15  Glial Reconstitution  
  80  7:22  Overlord x4  
  80  7:32  Centrifical Hooks  
  80  7:38  Roach  
  82  7:47  Roach  
  82  7:48  Drone x2  
  82  7:49  Drone x4  
  90  7:57  Zerg Missile Weapons Level 2  
  90  8:14  Queen x2  
  90  8:15  Queen  
  90  8:18  Roach, Drone  
  90  8:19  Drone  
  100  8:22  Overlord  
  100  8:42  Spire  
  100  8:44  Nydus Network  
  98  8:53  Roach x2, Drone x2  
  98  8:54  Roach x2, Drone  
  109  9:12  Extractor  
  109  9:16  Extractor  
  107  9:24  Zergling x8  
  107  9:25  Zergling x10  
  107  9:26  Roach, Drone  
  107  9:27  Roach, Drone  
  122  9:56  Overlord x5  
  122  9:57  Overlord  
  122  9:58  Overlord  
  122  10:08  Zerg Ground Armor Level 1  
  122  10:20  Baneling x3  
  122  10:21  Baneling x8  
  122  10:22  Baneling x3  
  122  10:23  Baneling  
  122  10:25  Overseer  
  122  10:46  Infestation Pit  
  110  11:03  Corruptor  
  110  11:04  Corruptor x8  
  102  12:15  Overlord x2  
  102  12:16  Overlord x5  
  16  13:22  Drone x2  
  16  13:23  Drone x4  
  22  13:29  Hatchery  
  21  13:44  Drone x3  
  21  13:45  Spawning Pool  
  23  14:12  Drone x5  
  28  14:20  Zerg Melee Weapons Level 1  
  28  14:28  Swarm Host x2  
  34  14:33  Queen x2  
  38  14:45  Swarm Host x2, Drone x2  
  38  15:01  Spore Crawler  
  37  15:07  Swarm Host, Spore Crawler  
  37  15:08  Swarm Host, Drone x2  
  37  15:09  Drone  
  37  15:10  Spore Crawler  
  37  15:11  Spore Crawler  
  43  15:14  Spore Crawler  
  42  15:22  Lair  
  42  15:33  Queen  
  44  15:38  Drone  
  44  15:39  Drone  
  46  15:57  Nydus Canal  
  46  16:44  Drone  
  46  16:45  Swarm Host  
  46  16:46  Swarm Host x2, Drone  
  46  16:47  Drone  
  55  16:50  Drone  
  55  16:51  Drone x3  
  55  16:52  Drone x2  
  64  16:58  Drone x3  
  67  17:33  Drone  
  67  17:34  Roach, Drone  
  67  17:35  Roach, Drone  
  67  17:36  Roach x2, Drone x2  
  80  17:54  Spire  
  80  17:56  Spire  
  78  18:07  Drone x4  
  82  18:19  Nydus Canal  
  18  19:24  Drone  
  18  19:25  Drone x5  
  18  19:28  Drone x4  
  28  19:49  Hatchery  
  27  20:09  Drone x4  
  31  20:18  Hatchery  
  18  21:28  Hatchery  
  17  21:47  Queen  
  19  22:27  Zergling x8  
  19  22:28  Zergling x4  
Tags
 
Add a new tag
Caveats
  • Supply blocks, unpowered buildings, or Contaminate may cause inaccurate times.
  • Supply counts are checked every 10 seconds.